 Dungeon Sprint DCSS version 0.30.1-9-gdf580d7c3d (webtiles) character file.

Game seed: 6018295861567752953

134 Heoruswealwe the Spear-Bearer (level 4, -4/45 HPs)
             Began as a Minotaur Fighter on Oct 23, 2023.
             Was an Initiate of Gozag.
             Slain by a yak (11 damage)
             ... in the Dungeon (Sprint IX: "|||||||||||||||||||||||||||||").
             The game lasted 00:00:57 (115 turns).

Heoruswealwe the Spear-Bearer (Minotaur Fighter)     Turns: 115, Time: 00:00:58

Health: -4/45      AC:  7    Str: 22    XL:     4   Next: 95%
Magic:  3/3        EV:  9    Int:  5    God:    Gozag
Gold:   0          SH:  4    Dex: 10    Spells: 3/3 levels left

rFire   . . .        a - +0 trident
rCold   . . .        d - +0 buckler
rNeg    . . .        c - +0 scale mail
rPois   .            (helmet restricted)
rElec   .            (no cloak)
rCorr   .            (no gloves)
SInv    .            (no boots)
Will    .....        (no amulet) Stlth
                     (no ring)
HPRegen 0.27/turn    (no ring)
MPRegen 0.08/turn

%: no teleportation
@: gold aura
A: horns 2, retaliatory headbutt
a: Renounce Religion, Potion Petition, Call Merchant, Bribe Branch


You were in the Dungeon.
You worshipped Gozag.
Gozag was noncommittal.
You visited 1 branch

Inventory:

Hand Weapons
 a - a +0 trident (weapon)
Armour
 c - a +0 scale mail (worn)
 d - a +0 buckler (worn)
Jewellery
 k - a +2 ring of evasion
 l - a +2 ring of protection
Wands
 h - a wand of roots (10)
Scrolls
 j - 2 scrolls of blinking
Potions
 b - a potion of might
 e - 5 potions of curing
 f - 3 potions of heal wounds
 g - a potion of haste
 i - a potion of berserk rage


   Skills:
 + Level 6.9 Fighting
 * Level 8.7 Polearms
 + Level 6.9 Armour
 - Level 3.6 Shields


You had 3 spell levels left.
You didn't know any spells.
Your spell library was empty.

Dungeon Overview and Level Annotations

Branches:
Dungeon (1/1)

Altars:
Cheibriados
Dithmenos
Elyvilon
Fedhas
Gozag
Hepliaklqana
Kikubaaqudgha
Makhleb
Nemelex Xobeh
Okawaru
Qazlal
Ru
Sif Muna
Trog
Uskayaw
Vehumet
Wu Jian
Xom
Yredelemnul
Zin
The Shining One
Jiyva
Lugonu


Innate Abilities, Weirdness & Mutations

You have a pair of horns on your head.
You reflexively headbutt those who attack you in melee.


Message History

The howler monkey hoots and howls with incredible vigour!
The howler monkey closely misses you. You furiously retaliate!
You headbutt the howler monkey.
You hear a shout!
Your Fighting skill increases to level 6!
Your Polearms skill increases to level 7!
Your Armour skill increases to level 6!
You have reached level 4!
You feel agile.
You barely miss the howler monkey.
The howler monkey is lightly wounded.
You feel sick. The howler monkey barely misses you.
You closely miss the howler monkey.
The howler monkey is lightly wounded.
You feel sick.
You are no longer poisoned.
The howler monkey barely misses you. You furiously retaliate!
You headbutt the howler monkey! You puncture the howler monkey!
You kill the howler monkey!
The wraith is distracted by your dazzling golden aura.
Your Polearms skill increases to level 8!
You barely miss the yak. You headbutt the yak.
The yak is lightly wounded.
The wraith is no longer distracted by gold.
The howler monkey hoots and howls with incredible vigour!
The yak gores you!
* * * LOW HITPOINT WARNING * * *
You barely miss the yak.
The yak is lightly wounded.
The yak gores you but does no damage.
You hit the yak. Your headbutt misses the yak.
The yak is lightly wounded.
The howler monkey is distracted by your dazzling golden aura.
The howler monkey howls!
You puncture the yak!
The yak is moderately wounded.
The yak gores you!
You die...
Your body crumbles into a pile of gold.

$
▓.▓
$
▓.▓
$ $
▓.▓
$
▓W▓
$
▓K▓
$
▓h▓
$
▓Y▓
▓@▓
$
▓.▓
▓[▓
$
▓[▓
▓[▓
$
▓.▓
$
▓)▓
$
▓?▓
$
▓!▓


You could see a yak, a wraith, a kobold brigand and a howler monkey.

Vanquished Creatures
  A killer bee (D)
  A howler monkey (D)
  An iguana (D)
  An adder (D)
  2 white imps (D)
  A dart slug (D)
  An endoplasm (D)
  A goblin (D)
  2 hobgoblins (D)
  A rat (D)
12 creatures vanquished.

Notes
Turn   | Place    | Note
-------+----------+-------------------------------------------
     0 | D        | Heoruswealwe the Minotaur Fighter began the quest for the
                  | Orb.
     0 | D        | Reached XP level 1. HP: 19/19 MP: 0/0
     7 | D        | Reached skill level 3 in Polearms
    33 | D        | Noticed an iguana
    36 | D        | Reached skill level 4 in Polearms
    36 | D        | Reached XP level 2. HP: 22/28 MP: 1/1
    39 | D        | Reached skill level 5 in Polearms
    47 | D        | Reached skill level 5 in Fighting
    47 | D        | Reached skill level 5 in Armour
    47 | D        | Reached XP level 3. HP: 23/36 MP: 2/2
    55 | D        | Reached skill level 6 in Polearms
    61 | D        | Found a snail-covered altar of Cheibriados.
    61 | D        | Found a shadowy altar of Dithmenos.
    61 | D        | Found a white marble altar of Elyvilon.
    61 | D        | Found a blossoming altar of Fedhas.
    61 | D        | Found an opulent altar of Gozag.
    62 | D        | Found a hazy altar of Hepliaklqana.
    63 | D        | Found a viscous altar of Jiyva.
    64 | D        | Found an ancient bone altar of Kikubaaqudgha.
    65 | D        | Found a corrupted altar of Lugonu.
    66 | D        | Found a burning altar of Makhleb.
    67 | D        | Found a sparkling altar of Nemelex Xobeh.
    68 | D        | Found an iron altar of Okawaru.
    69 | D        | Became a worshipper of Gozag Ym Sagoz the Greedy
    70 | D        | Found a stormy altar of Qazlal.
    71 | D        | Found a sacrificial altar of Ru.
    72 | D        | Found a shimmering blue altar of Sif Muna.
    73 | D        | Found a bloodstained altar of Trog.
    74 | D        | Found a hide-covered altar of Uskayaw.
    75 | D        | Found a radiant altar of Vehumet.
    76 | D        | Found an ornate altar of the Wu Jian Council.
    77 | D        | Found a shimmering altar of Xom.
    78 | D        | Found a basalt altar of Yredelemnul.
    79 | D        | Found a glowing silver altar of Zin.
    80 | D        | Found a glowing golden altar of the Shining One.
   104 | D        | Noticed a wraith
   104 | D        | Noticed a kobold brigand
   104 | D        | Noticed a yak
   104 | D        | Noticed a killer bee
   108 | D        | Killed a killer bee
   109 | D        | Reached skill level 7 in Polearms
   109 | D        | Reached XP level 4. HP: 14/45 MP: 3/3
   112 | D        | Reached skill level 8 in Polearms
   115 | D        | Slain by a yak

Illustrated notes

Levels and vault maps discovered:
D:        linesprint [early_d, line_temple, items_1, d_10, items_2, lair_1,
          lair_end, items_3, orc_1, orc_end, items_4, d_15, swamp_1, shoals_1,
          snake_1, spider_1, d_20, vaults_1, items_5, swamp_end, shoals_end,
          snake_end, spider_end, vaults_end, d_27, items_6, zot_1, zot_end,
          crypt_end, forest_end, elf_end, slime_end, tomb_end, abyss_end,
          pan_hell_end]

Skill      XL: |  1  2  3  4 |
---------------+-------------+-----
Polearms       | 4 5 7 8 |  8.7
Fighting       | 4 5 6 |  6.9
Armour         | 4 5 6 |  6.9
Shields        | |  3.6

Action                     |  1- 3 |  4- 6 || total
---------------------------+-------+-------++-------
  Melee: Trident           |    41 |     7 ||    48
         Headbutt          |     4 |     1 ||     5
 Armour: Scale mail        |    11 |     1 ||    12
  Dodge: Dodged            |    17 |     2 ||    19
  Block: Buckler           |     4 |       ||     4
